TOP OF THE 1ST |
Athens Assassins batting - Pitching for Montgomery Grey Sox : RHP Joe Jackson
|
Pitching: RHP Joe Jackson
|
|
Batting: RHB Pat Johnston
|
0-0: Ground out 6-3 (Groundball, 6MS)
|
Batting: RHB Luis López
|
0-0: Ball 1-0: Called Strike 1-1: Foul Ball, location: 2F 1-2: SINGLE (Line Drive, 56)
|
Batting: RHB John Conway
|
0-0: Called Strike 0-1: Ball 1-1: Fly out, F8 (Flyball, 89D)
|
Batting: RHB John Jones
|
0-0: Hit by Pitch Luis López to second
|
Batting: LHB Brian Turner
|
0-0: Fly out, F9 (Flyball, 9)
|
Top of the 1st over - 0 runs, 1 hit, 0 errors, 2 left on base; Athens 0 - Montgomery 0 |
BOTTOM OF THE 1ST |
Montgomery Grey Sox batting - Pitching for Athens Assassins : LHP Silas Hampton
|
Pitching: LHP Silas Hampton
|
|
Batting: LHB Jorge Garza
|
0-0: Ball 1-0: SINGLE (Groundball, 4MD)
|
Batting: RHB José Torres
|
0-0: Ball 1-0: Called Strike Jorge Garza steals 2nd base 1-1: Swinging Strike 1-2: Strikes out swinging
|
Batting: RHB Vincente Martínez
|
0-0: Swinging Strike 0-1: Swinging Strike 0-2: Strikes out swinging
|
Batting: RHB Pedro Castro
|
0-0: Ball 1-0: Ball 2-0: Ball 3-0: Called Strike 3-1: Base on Balls
|
Batting: RHB Randall James
|
0-0: Ball 1-0: Ball 2-0: SINGLE (Groundball, 56S) (infield hit) Jorge Garza to third Pedro Castro to second
|
Batting: RHB Andrés Jiménez
|
0-0: Called Strike 0-1: Called Strike 0-2: Strikes out swinging
|
Bottom of the 1st over - 0 runs, 2 hits, 0 errors, 3 left on base; Athens 0 - Montgomery 0 |
TOP OF THE 2ND |
Athens Assassins batting - Pitching for Montgomery Grey Sox : RHP Joe Jackson
|
Batting: RHB Maximino Abbado
|
0-0: Called Strike 0-1: Foul Ball, location: 2F 0-2: Strikes out swinging
|
Batting: RHB Britt Short
|
0-0: Ball 1-0: Foul Ball, location: 2F 1-1: Ball 2-1: Ball 3-1: Foul Ball, location: 2F 3-2: Base on Balls
|
Batting: RHB Don Martin
|
0-0: Ball 1-0: Called Strike 1-1: Called Strike 1-2: Ground out 4-3 (Groundball, 34) Britt Short to second
|
Batting: RHB Alfonso Flores
|
0-0: Fly out, F8 (Flyball, 8RM)
|
Top of the 2nd over - 0 runs, 0 hits, 0 errors, 1 left on base; Athens 0 - Montgomery 0 |
BOTTOM OF THE 2ND |
Montgomery Grey Sox batting - Pitching for Athens Assassins : LHP Silas Hampton
|
Batting: RHB Jorge Romero
|
0-0: Ball 1-0: Ground out 6-3 (Groundball, 6)
|
Batting: LHB Juan Sánchez
|
0-0: Called Strike 0-1: Called Strike 0-2: Ball 1-2: Strikes out swinging
|
Batting: SHB Rob Lowe
|
0-0: Ball 1-0: Ball 2-0: Called Strike 2-1: Ground out 5-3 (Groundball, 5L)
|
Bottom of the 2nd over - 0 runs, 0 hits, 0 errors, 0 left on base; Athens 0 - Montgomery 0 |
TOP OF THE 3RD |
Athens Assassins batting - Pitching for Montgomery Grey Sox : RHP Joe Jackson
|
Batting: RHB Pat Johnston
|
0-0: Foul Ball, location: 2F 0-1: Ball 1-1: Ball 2-1: Swinging Strike 2-2: Ball 3-2: Strikes out swinging
|
Batting: RHB Luis López
|
0-0: Called Strike 0-1: Swinging Strike 0-2: Strikes out swinging
|
Batting: RHB John Conway
|
0-0: Called Strike 0-1: Fly out, F3 (Popup, 3)
|
Top of the 3rd over - 0 runs, 0 hits, 0 errors, 0 left on base; Athens 0 - Montgomery 0 |
BOTTOM OF THE 3RD |
Montgomery Grey Sox batting - Pitching for Athens Assassins : LHP Silas Hampton
|
Batting: LHB Jorge Garza
|
0-0: Ball 1-0: Ball 2-0: Ball 3-0: Base on Balls
|
Batting: RHB José Torres
|
0-0: Called Strike 0-1: Hit by Pitch Jorge Garza to second
|
Batting: RHB Vincente Martínez
|
0-0: SINGLE (Line Drive, 9LS) Jorge Garza to third José Torres to second
|
Batting: RHB Pedro Castro
|
0-0: Hit by Pitch Jorge Garza scores José Torres to third Vincente Martínez to second
|
Batting: RHB Randall James
|
0-0: Called Strike 0-1: Swinging Strike 0-2: Ball 1-2: Foul Ball, location: 2F 1-2: Strikes out swinging
|
Batting: RHB Andrés Jiménez
|
0-0: Ball 1-0: Swinging Strike 1-1: Foul Ball, location: 2F 1-2: Fly out, F3 (Popup, 3S)
|
Batting: RHB Jorge Romero
|
0-0: Called Strike 0-1: Ball 1-1: Called Strike 1-2: Fly out, F7 (Flyball, 7LM)
|
Bottom of the 3rd over - 1 run, 1 hit, 0 errors, 3 left on base; Athens 0 - Montgomery 1 |
TOP OF THE 4TH |
Athens Assassins batting - Pitching for Montgomery Grey Sox : RHP Joe Jackson
|
Batting: RHB John Jones
|
0-0: Called Strike 0-1: Ball 1-1: Swinging Strike 1-2: Strikes out swinging
|
Batting: LHB Brian Turner
|
0-0: Foul Ball, location: 2F 0-1: Foul Ball, location: 2F 0-2: Ball 1-2: Fly out, F8 (Flyball, 8LD)
|
Batting: RHB Maximino Abbado
|
0-0: Called Strike 0-1: Hit by Pitch
|
Batting: RHB Britt Short
|
0-0: Called Strike 0-1: Ball 1-1: Ball 2-1: SINGLE (Groundball, 56D) Maximino Abbado to second
|
Batting: RHB Don Martin
|
0-0: Ball 1-0: Called Strike 1-1: Ground out U3 (Groundball, 34)
|
Top of the 4th over - 0 runs, 1 hit, 0 errors, 2 left on base; Athens 0 - Montgomery 1 |
BOTTOM OF THE 4TH |
Montgomery Grey Sox batting - Pitching for Athens Assassins : LHP Silas Hampton
|
Batting: LHB Juan Sánchez
|
0-0: Ball 1-0: Swinging Strike 1-1: Fly out, F9 (Line Drive, 9D)
|
Batting: SHB Rob Lowe
|
0-0: SINGLE (Groundball, 34D)
|
Batting: LHB Jorge Garza
|
0-0: Ball 1-0: Ball 2-0: Ball 3-0: Base on Balls Rob Lowe to second
|
Batting: RHB José Torres
|
0-0: Ball 1-0: Called Strike 1-1: Grounds into double play, 4-6-3 (Groundball, 4)
|
Bottom of the 4th over - 0 runs, 1 hit, 0 errors, 1 left on base; Athens 0 - Montgomery 1 |
TOP OF THE 5TH |
Athens Assassins batting - Pitching for Montgomery Grey Sox : RHP Joe Jackson
|
Batting: RHB Alfonso Flores
|
0-0: Swinging Strike 0-1: Called Strike 0-2: Ground out 5-3 (Groundball, 5)
|
Batting: RHB Pat Johnston
|
0-0: Ball 1-0: Ball 2-0: Called Strike 2-1: Ball 3-1: Ground out 4-3 (Groundball, 4)
|
Batting: RHB Luis López
|
0-0: SINGLE (Line Drive, 8LS)
|
Batting: RHB John Conway
|
0-0: Called Strike 0-1: Foul Ball, location: 2F 0-2: Ball 1-2: Ball 2-2: Foul Ball, location: 2F 2-2: DOUBLE (Line Drive, 7LD) Luis López to third Runner from 3rd tries for Home, SAFE, no throw
|
Batting: RHB John Jones
|
0-0: Ground out 4-3 (Groundball, 4)
|
Top of the 5th over - 1 run, 2 hits, 0 errors, 1 left on base; Athens 1 - Montgomery 1 |
BOTTOM OF THE 5TH |
Montgomery Grey Sox batting - Pitching for Athens Assassins : LHP Silas Hampton
|
Batting: RHB Vincente Martínez
|
0-0: Foul Ball, location: 2F 0-1: Foul Ball, location: 2F 0-2: Ball 1-2: SINGLE (Flyball, 78S)
|
Batting: RHB Pedro Castro
|
0-0: Called Strike 0-1: Ball 1-1: Ball 2-1: Foul Ball, location: 2F 2-2: Strikes out swinging
|
Batting: RHB Randall James
|
0-0: Ball 1-0: Ball 2-0: Grounds into double play, 5-4-3 (Groundball, 5)
|
Bottom of the 5th over - 0 runs, 1 hit, 0 errors, 0 left on base; Athens 1 - Montgomery 1 |
TOP OF THE 6TH |
Athens Assassins batting - Pitching for Montgomery Grey Sox : RHP Joe Jackson
|
Batting: LHB Brian Turner
|
0-0: Swinging Strike 0-1: Called Strike 0-2: Ball 1-2: Ball 2-2: Foul Ball, location: 2F 2-2: Strikes out swinging
|
Batting: RHB Maximino Abbado
|
0-0: Fly out, F7 (Flyball, 7S)
|
Batting: RHB Britt Short
|
0-0: Called Strike 0-1: Swinging Strike 0-2: Foul Ball, location: 2F 0-2: Strikes out swinging
|
Top of the 6th over - 0 runs, 0 hits, 0 errors, 0 left on base; Athens 1 - Montgomery 1 |
BOTTOM OF THE 6TH |
Montgomery Grey Sox batting - Pitching for Athens Assassins : LHP Silas Hampton
|
Batting: RHB Andrés Jiménez
|
0-0: Bunted foul 0-1: Foul Ball, location: 2F 0-2: Ball 1-2: SINGLE (Groundball, 6D)
|
Pinch Runner at 1st Julius Farmer:
|
|
Batting: RHB Jorge Romero
|
0-0: Ball 1-0: Called Strike 1-1: Swinging Strike 1-2: Foul Ball, location: 2F 1-2: Foul Ball, location: 2F 1-2: Foul Ball, location: 2F 1-2: Strikes out swinging
|
Batting: LHB Juan Sánchez
|
0-0: Called Strike Julius Farmer steals 2nd base 0-1: Foul Ball, location: 2F 0-2: Ball 1-2: Foul Ball, location: 2F 1-2: Fly out, F9 (Line Drive, 9)
|
Batting: SHB Rob Lowe
|
0-0: Called Strike 0-1: Ball 1-1: Swinging Strike 1-2: Foul Ball, location: 2F 1-2: Strikes out swinging
|
Bottom of the 6th over - 0 runs, 1 hit, 0 errors, 1 left on base; Athens 1 - Montgomery 1 |
TOP OF THE 7TH |
Athens Assassins batting - Pitching for Montgomery Grey Sox : RHP Joe Jackson
|
Now at 3B: Julius Farmer
|
|
Batting: RHB Don Martin
|
0-0: Called Strike 0-1: Ball 1-1: Ball 2-1: Ball 3-1: Swinging Strike 3-2: Foul Ball, location: 2F 3-2: SINGLE (Groundball, 4MS) (infield hit)
|
Batting: RHB Alfonso Flores
|
0-0: Called Strike 0-1: Sac Bunt - play at first, batter OUT! U3 Don Martin to second
|
Batting: RHB Pat Johnston
|
0-0: Called Strike 0-1: Ball 1-1: Foul Ball, location: 2F 1-2: Strikes out swinging
|
Batting: RHB Luis López
|
0-0: Called Strike 0-1: Ball 1-1: Called Strike 1-2: Foul Ball, location: 2F 1-2: Fly out, F9 (Flyball, 9)
|
Top of the 7th over - 0 runs, 1 hit, 0 errors, 1 left on base; Athens 1 - Montgomery 1 |
BOTTOM OF THE 7TH |
Montgomery Grey Sox batting - Pitching for Athens Assassins : LHP Silas Hampton
|
Pinch Hitting: RHB César Heredia
|
0-0: Fly out, F5 (Popup, 56S)
|
Batting: RHB José Torres
|
0-0: Ball 1-0: Ball 2-0: Foul Ball, location: 2F 2-1: SINGLE (Line Drive, 8RS)
|
Batting: RHB Vincente Martínez
|
0-0: Fly out, F8 (Flyball, 78M)
|
Batting: RHB Pedro Castro
|
0-0: Called Strike 0-1: Ball 1-1: Fielders Choice at 2nd, 6-4 (Groundball, 6)
|
Bottom of the 7th over - 0 runs, 1 hit, 0 errors, 1 left on base; Athens 1 - Montgomery 1 |
TOP OF THE 8TH |
Athens Assassins batting - Pitching for Montgomery Grey Sox : RHP Joe Jackson
|
Pitching: RHP Johannes Hunsberger
|
|
Now in RF: José Parra
|
|
Batting: RHB John Conway
|
0-0: Foul Ball, location: 2F 0-1: Fly out, F8 (Flyball, 8RXD)
|
Batting: RHB John Jones
|
0-0: Called Strike 0-1: Ball 1-1: Called Strike 1-2: Fly out, F5 (Popup, 5SF)
|
Batting: LHB Brian Turner
|
0-0: Ball 1-0: Ball 2-0: Called Strike 2-1: Foul Ball, location: 2F 2-2: Ground out 4-3 (Groundball, 4)
|
Top of the 8th over - 0 runs, 0 hits, 0 errors, 0 left on base; Athens 1 - Montgomery 1 |
BOTTOM OF THE 8TH |
Montgomery Grey Sox batting - Pitching for Athens Assassins : LHP Silas Hampton
|
Pitching: LHP Fernando García
|
|
Batting: RHB Randall James
|
0-0: Called Strike 0-1: Swinging Strike 0-2: Strikes out swinging, 2-3 out at first.
|
Batting: RHB Julius Farmer
|
0-0: Ball 1-0: Ball 2-0: Ball 3-0: Base on Balls
|
Batting: RHB Jorge Romero
|
0-0: Called Strike Julius Farmer steals 2nd base 0-1: Swinging Strike 0-2: Ball 1-2: Ball 2-2: Foul Ball, location: 2F 2-2: Ball 3-2: Foul Ball, location: 2F 3-2: Strikes out swinging
|
Batting: LHB Juan Sánchez
|
0-0: Ball 1-0: Ball 2-0: Fly out, F4 (Line Drive, 4)
|
Bottom of the 8th over - 0 runs, 0 hits, 0 errors, 1 left on base; Athens 1 - Montgomery 1 |
TOP OF THE 9TH |
Athens Assassins batting - Pitching for Montgomery Grey Sox : RHP Johannes Hunsberger
|
Pitching: RHP Jorge Cherena
|
|
Batting: RHB Maximino Abbado
|
0-0: Ball 1-0: Foul Ball, location: 2F 1-1: Ball 2-1: Foul Ball, location: 2F 2-2: Foul Ball, location: 2F 2-2: Ball 3-2: Base on Balls
|
Batting: RHB Britt Short
|
0-0: Ball 1-0: Fly out, F8 (Flyball, 8LM)
|
Batting: RHB Don Martin
|
0-0: Ball 1-0: Ball Maximino Abbado is caught stealing 2nd base 2-0: SOLO HOME RUN (Flyball, 7D), Distance : 398 ft
|
Batting: RHB Alfonso Flores
|
0-0: Foul Ball, location: 2F 0-1: Ball 1-1: Called Strike 1-2: Ball 2-2: Strikes out looking
|
Top of the 9th over - 1 run, 1 hit, 0 errors, 0 left on base; Athens 2 - Montgomery 1 |
BOTTOM OF THE 9TH |
Montgomery Grey Sox batting - Pitching for Athens Assassins : LHP Fernando García
|
Pitching: LHP Dan Thompson
|
|
Now at 1B: Justin Tomlinson
|
|
Now in LF: William Ewing
|
|
Batting: SHB Rob Lowe
|
0-0: Called Strike 0-1: Ball 1-1: Fly out, F8 (Flyball, 8LM)
|
Pinch Hitting: RHB Andrew Lewis
|
0-0: Foul Ball, location: 2F 0-1: Ball 1-1: Foul Ball, location: 2F 1-2: Foul Ball, location: 2F 1-2: Ball 2-2: Foul Ball, location: 2F 2-2: Ground out 1-3 (Groundball, 13)
|
Batting: RHB José Torres
|
0-0: DOUBLE (Line Drive, 8RD)
|
Batting: RHB Vincente Martínez
|
0-0: Ball 1-0: Swinging Strike 1-1: Foul Ball, location: 2F 1-2: Foul Ball, location: 2F 1-2: Fly out, F4 (Popup, 34)
|
Bottom of the 9th over - 0 runs, 1 hit, 0 errors, 1 left on base; Athens 2 - Montgomery 1 |
|